 Dungeon Crawl Stone Soup version 0.24-a0-157-g36218c0 (webtiles) character file.

Game seed: 2280489656923264316

214 Dfrag the Grave Robber (level 5, -2/42 HPs)
             Began as a Deep Dwarf Necromancer on Mar 4, 2019.
             Killed by divine providence
             ... invoked by an orc priest
              (12 damage)
             ... on level 3 of the Dungeon.
             The game lasted 00:04:25 (2635 turns).

Dfrag the Grave Robber (Deep Dwarf Necromancer)     Turns: 2635, Time: 00:04:26

Health: -2/42      AC:  2    Str: 11    XL:     5   Next: 59%
Magic:  0/11       EV: 12    Int: 17    God:
Gold:   190        SH:  0    Dex: 13    Spells: 8/12 levels left

rFire    . . .     SeeInvis .   l - +0 whip
rCold    . . .     Gourm    .   (no shield)
rNeg     . . .     Faith    .   a - +0 robe
rPois    .         Spirit   .   (no helmet)
rElec    .         Reflect  .   (no cloak)
rCorr    .         Harm     .   (no gloves)
MR       .....                  (no boots)
Stlth    ++........             (no amulet)
HPRegen  0.00/turn              (no ring)
MPRegen  0.12/turn              (no ring)

@: non-regenerating
A: damage resistance, heal wounds, sense surroundings 1, no regeneration
a: Heal Wounds


You were on level 3 of the Dungeon.
You were hungry.

You visited 1 branch of the dungeon, and saw 3 of its levels.

You collected 190 gold pieces.

Inventory:

Hand Weapons
 l - a +0 whip (weapon)
Armour
 a - a +0 robe (worn)
Jewellery
 g - an uncursed ring of ice
 j - an uncursed ring of ice
Scrolls
 d - 4 scrolls of teleportation {unknown}
 e - a scroll of enchant weapon {unknown}
 h - 2 scrolls of identify {unknown}
 o - a scroll of remove curse {unknown}
 q - a scroll of magic mapping {unknown}
Potions
 f - a potion of berserk rage {unknown}
 i - 2 potions of agility {unknown}
 k - 2 potions of degeneration {unknown}
 m - 2 potions of brilliance {unknown}
 n - a potion of might {unknown}
 p - a potion of haste {unknown}
 r - a potion of lignification {unknown}
Comestibles
 c - 5 rations
 s - 3 chunks of flesh


   Skills:
 - Level 2.1 Dodging
 - Level 2.4 Stealth
 * Level 4.2 Spellcasting
 + Level 5.6 Necromancy


You had 8 spell levels left.
You knew the following spells:

 Your Spells              Type           Power        Failure   Level  Hunger
a - Pain                  Necr           ###.         1%          1    None
b - Vampiric Draining     Necr           ###.......   4%          3    ###....

Your spell library contained the following spells:

 Spells                   Type           Power        Failure   Level  Hunger
 Animate Skeleton         Necr           N/A          1%          1    None
 Animate Dead             Necr           N/A          16%         4    ####...
 Regeneration             Chrm/Necr      Unusable     N/A         3    N/A

Dungeon Overview and Level Annotations

Branches:
Dungeon (3/15)

Altars:
Trog


Innate Abilities, Weirdness & Mutations

You are resistant to damage.
You can heal yourself by infusing magical energy.
You passively map a small area around you.
You do not regenerate.


Message History

* * * LOW HITPOINT WARNING * * *
Unknown command.
You hit the orc priest but do no damage.
The orc priest is almost dead.
The orc priest mumbles some strange prayers to Beogh against you.
You struggle to resist.
You barely miss the orc priest.
The orc priest is almost dead.
The orc priest begins to cast a cantrip, but forgets the words!
You hit the orc priest.
The orc priest is almost dead.
The orc priest invokes the aid of Beogh against you.
You struggle to resist.
The orc wizard mumbles some strange words.
The orc wizard blinks!
You closely miss the orc priest.
The orc priest is almost dead.
The orc priest invokes the aid of Beogh against you.
Beogh smites you!
You die...

..#.# ###'###.......# #...
#.#.#######.###.......# #...
#.#.#.......##........# #...
#.#.##.#######......÷.# #########
#.#..........#........# #........
#.#.##.#####.#........###........
#....#.# ###.#..........'........
####.#.# #.....##########........
* #.#.# #....oo@......####'#####
#.#.# #..$.########.# #.# # #.#.#
#?...# #.# # #.#.# #....# * , ,
#.# # #.# #..o.. * #.# # #.#
#..... **, ,,####.# # #.# #..§...
, #....# # #.# *#...... ,
#.######## #.# ,,........ ,
#.##......


You could see an orc priest and an orc.

Vanquished Creatures
  A bullfrog skeleton (D:3)
  Natasha (twice) (D:2)
  A worker ant zombie (D:3)
  5 adders
  An adder zombie (D:3)
  An adder skeleton (D:3)
  A worm (D:2)
  2 dart slugs (D:1)
  4 leopard geckos
  2 orcs (D:3)
  A ball python (D:1)
  7 giant cockroaches
  5 goblins
  5 hobgoblins
  3 quokkas (D:3)
  9 bats
  A frilled lizard (D:1)
  A giant cockroach zombie (D:3)
  A jackal zombie (D:3)
  8 kobolds
  6 rats
67 creatures vanquished.

Notes
Turn   | Place    | Note
-------+----------+-------------------------------------------
     0 | D:1      | Dfrag the Deep Dwarf Necromancer began the quest for the
                  | Orb.
     0 | D:1      | Reached XP level 1. HP: 15/15 MP: 3/3
   110 | D:1      | Reached XP level 2. HP: 20/22 MP: 0/5
   649 | D:2      | Noticed Natasha
   657 | D:2      | Noticed a crimson imp
   658 | D:2      | Noticed a crimson imp
   661 | D:2      | HP: 1/22 [Natasha (6)]
   666 | D:2      | Killed Natasha
   666 | D:2      | Reached XP level 3. HP: 21/28 MP: 0/7
   673 | D:2      | Learned a level 3 spell: Vampiric Draining
   916 | D:2      | Reached skill level 5 in Necromancy
  1081 | D:2      | Reached XP level 4. HP: 27/36 MP: 2/8
  1454 | D:2      | Noticed Natasha
  1470 | D:2      | Killed Natasha
  1797 | D:3      | Reached XP level 5. HP: 10/42 MP: 10/10
  1915 | D:3      | HP: 2/42 [bullfrog skeleton (2)]
  2284 | D:3      | Found a bloodstained altar of Trog.
  2635 | D:3      | Killed from afar by an orc priest

Levels and vault maps discovered:
D:1:      scummos_arrival_forest, layout_loops_cross,
          corexii_item_surrounded_by_moat
D:2:      layout_loops_ring, minmay_tromino_v7, uniq_natasha
D:3:      layout_basic, serial_undead, serial_undead_f, serial_undead_d,
          serial_undead_e, serial_undead_f, minmay_misc_feat_plants, bloody_trog

Skill      XL: |  1  2  3  4  5 |
---------------+----------------+-----
Spellcasting   | 2 3 4 |  4.2
Necromancy     | 5 |  5.6
Dodging        | |  2.1
Stealth        | |  2.4

Action                   |  1- 3 |  4- 6 || total
-------------------------+-------+-------++-------
Melee: Unarmed           |    30 |       ||    30
       Whip              |       |   129 ||   129
 Cast: Pain              |    51 |    29 ||    80
       Vampiric Draining |       |    20 ||    20
 Abil: Heal Wounds       |     1 |     1 ||     2
  Use: Potion            |       |     1 ||     1
 Stab: Sleeping          |       |     1 ||     1
  Eat: Chunk             |     1 |     6 ||     7
Armor: Robe              |    14 |    23 ||    37
Dodge: Dodged            |    24 |    99 ||   123

Table legend:
 A = Non-vault XP
 B = Vault XP
 C = Vault XP percentage of total XP
 D = Non-vault monster count
 E = Vault monster count
 F = Vault count percentage of total count
                 A         B        C        D         E       F
            +---------+---------+-------+---------+---------+-------
      Total |     228 |      78 |  25.5 |      59 |       8 |  11.9
            +---------+---------+-------+---------+---------+-------
        D:1 |      39 |       0 |   0.0 |      20 |       0 |   0.0
        D:2 |     104 |      50 |  32.5 |      19 |       3 |  13.6
        D:3 |      85 |      28 |  24.8 |      20 |       5 |  20.0
            +---------+---------+-------+---------+---------+-------
